 Dungeon Crawl Stone Soup version 0.32-a0-841-g4648e6c457 (webtiles) character file.

Game seed: 9242835774677841716

1533 Esekla the Covert (level 8, -1/55 HPs)
             Began as an Octopode Delver on Mar 26, 2024.
             Was an Initiate of Gozag.
             Slain by a wyvern (10 damage)
             ... on level 8 of the Dungeon.
             The game lasted 00:26:50 (5247 turns).

Esekla the Covert (Octopode Delver)                 Turns: 5247, Time: 00:26:51

Health: -1/55      AC: 10    Str: 11    XL:     8   Next: 85%
Magic:  20/22      EV: 13    Int: 14    God:    Gozag
Gold:   623        SH:  0    Dex: 14    Spells: 7/13 levels left

rFire   . . .        s - +1 dagger (venom)
rCold   + . .        (no shield)
rNeg    . . .        (helmet restricted)
rPois   .            C - amulet of the acrobat
rElec   .            i - ring of willpower
rCorr   .            p - ring of magical power
SInv    .            q - ring of protection from cold
Will    +....        v - +4 ring of protection
Stlth   ++++++       (no ring)
HPRegen 0.29/turn    (no ring)
MPRegen 0.18/turn    (no ring)
                     (no ring)

%: acrobat
@: ice-armoured
A: almost no armour, amphibious, 8 rings, camouflage 1, gelatinous body 1,
(nimble swimmer 1), tentacles
a: Renounce Religion, Potion Petition, Call Merchant, Bribe Branch


You were on level 8 of the Dungeon.
You worshipped Gozag.
Gozag was pleased with you.
You visited 2 branches of the dungeon, and saw 9 of its levels.

You collected 1032 gold pieces.
You spent 396 gold pieces at shops.
You paid 13 gold pieces to Gozag.

Inventory:

Hand Weapons
 a - a +0 long sword
 r - a +0 trident
 s - a +1 dagger of venom (weapon)
Missiles
 A - 7 poisoned darts
 G - 10 boomerangs (quivered)
 H - a throwing net
Jewellery
 i - a ring of willpower (left tentacle)
 p - a ring of magical power (right tentacle)
 q - a ring of protection from cold (on tentacle)
 t - a ring of fire
 v - a +4 ring of protection (on tentacle)
 C - an amulet of the acrobat (around mantle)
 I - a ring of willpower
Wands
 f - a wand of digging (3)
 g - a wand of flame (32)
 B - a wand of mindburst (12)
 D - a wand of polymorph (7)
Scrolls
 b - 2 scrolls of fog
 d - 2 scrolls of fear
 k - a scroll of identify {unknown}
 m - 2 scrolls of enchant armour {unknown}
 n - 3 scrolls of teleportation {unknown}
 o - a scroll of vulnerability {unknown}
 y - a scroll of amnesia {unknown}
 E - a scroll of blinking {unknown}
Potions
 c - 2 potions of curing
 e - a potion of haste
 h - a potion of might {unknown}
 j - 2 potions of invisibility {unknown}
 l - a potion of attraction {unknown}
 u - a potion of berserk rage {unknown}
 w - a potion of mutation {unknown}
 x - 2 potions of enlightenment {unknown}
 z - a potion of degeneration {unknown}
 F - a potion of brilliance {unknown}


   Skills:
 * Level 5.2 Fighting
 + Level 3.1(3.5) Short Blades
 + Level 2.4(3.2) Long Blades
 + Level 1.8 Throwing
 * Level 4.4 Dodging
 + Level 11.3 Stealth
 + Level 3.4 Spellcasting
 * Level 1.1 Ice Magic


You had 7 spell levels left.
You knew the following spells:

 Your Spells              Type           Power      Damage    Failure   Level
a - Ozocubu's Armour      Ice            5%         N/A       36%         3
w - Fugue of the Fallen   Necr           2%         N/A       52%         3

Your spell library contained the following spells:

 Spells                   Type           Power      Damage    Failure   Level
 Summon Small Mammal      Summ           8%         N/A       21%         1
 Ensorcelled Hibernation  Hex/Ice        8%         N/A       24%         2
 Call Canine Familiar     Summ           2%         N/A       52%         3
 Passwall                 Erth           2%         N/A       52%         3
 Swiftness                Air            2%         N/A       52%         3
 Manifold Assault         Tloc           2%         N/A       90%         4
 Summon Blazeheart Golem  Fire/Summ      2%         N/A       90%         4


Dungeon Overview and Level Annotations

Branches:
Dungeon (8/15)             Temple (1/1) D:5
   Lair: D:8-11

Altars:
Ashenzari
Cheibriados
Dithmenos
Elyvilon
Fedhas
Gozag
Hepliaklqana
Kikubaaqudgha
Makhleb
Nemelex Xobeh
Okawaru
Qazlal
Ru
Sif Muna
Trog
Uskayaw
Vehumet
Wu Jian
Xom
Yredelemnul
Zin
The Shining One

Shops:
D:3 =

Annotations:
D:2 dig 4 gold
D:5 2 transporters, ytrimaz's ghost, novice OpSh


Innate Abilities, Weirdness & Mutations

You cannot wear most types of armour.
You are amphibious.
You can wear up to eight rings at the same time.
Your skin changes colour to match your surroundings (Stealth+).
Your rubbery body absorbs attacks. (AC +1, EV +1)
((You are camouflaged when in or above water. (Stealth+)))
You have tentacles for arms and can constrict up to eight enemies at once.


Message History

You see here a +0 whip.
You now have 609 gold pieces (gained 5).
You see here a +0 club.
You now have 616 gold pieces (gained 7).
You see here a +0 club.
You start resting.
HP restored.
You see here 3 stones.
A white imp comes into view.
The helpless white imp fails to defend itself.
You stick the white imp like a pincushion!!!
You kill the white imp!
You now have 623 gold pieces (gained 7).
A wyvern comes into view.
The wyvern hisses angrily.
Casting: Ozocubu's Armour (dangerous; 36% risk of failure)
Confirm with . or Enter, or press ? or * to list all spells.
A film of ice covers your body!
You hit the wyvern but do no damage.
The wyvern is poisoned.
You squeeze the wyvern!
The wyvern is moderately wounded.
The wyvern bites you!
You hit the wyvern.
The wyvern is moderately wounded.
The wyvern closely misses you. The wyvern bites you.
You closely miss the wyvern. You squeeze the wyvern.
The wyvern is moderately wounded.
The wyvern bites you!
You closely miss the wyvern.
The wyvern is heavily wounded.
The wyvern bites you!
You hit the wyvern but do no damage. You squeeze the wyvern.
The wyvern is severely wounded.
The wyvern bites you!
* * * LOW HITPOINT WARNING * * *
The wyvern bites you!
* * * LOW HITPOINT WARNING * * *
It was a potion of curing.
You feel better. The wyvern bites you!
You die...
Your body crumbles into a pile of gold.

#.# #.# #.# #.# #.#
#.# #.# #.# #.# #.#
#.# ###.# #.#
####...###.########.#
..#........@........#
#.#...#.#))k)...#####
######.#..###.......##
.......#...#.#####(.#
#####..#..#.### #..#
..............# #..#
######.#..#.#.####..#
#.##.#.#.......#####
#.##....##..<........


You could see a wyvern (poisoned).

Vanquished Creatures
  A water moccasin (D:5)
  A sky beast (D:6)
  A black bear (D:7)
  3 ice beasts
  A phantom (D:7)
  2 kobold brigands
  A bullfrog (D:4)
  3 killer bees (D:7)
  2 bombardier beetles
  A hound (D:5)
  A jelly (D:5)
  A gnoll bouda (D:4)
  3 iguanas
  Jessica (D:2)
  An orc wizard (D:7)
  11 gnolls
  6 adders
  3 white imps
  2 dart slugs
  3 ribbon worms
  15 orcs
  5 ball pythons
  2 bats
  4 endoplasms
  4 giant cockroaches
  4 goblins
  6 hobgoblins
  12 jackals
  2 quokkas (D:4)
  2 frilled lizards
  8 kobolds
  2 rats (D:1)
114 creatures vanquished.

Notes
Turn   | Place    | Note
-------+----------+-------------------------------------------
     0 | D:5      | Esekla the Octopode Delver began the quest for the Orb.
     0 | D:5      | Reached XP level 1. HP: 16/16 MP: 1/1
    22 | D:5      | Noticed a jelly
    56 | D:5      | Found a staircase to the Ecumenical Temple.
    63 | Temple   | Entered the Ecumenical Temple
    70 | Temple   | Became a worshipper of Gozag Ym Sagoz the Greedy
    93 | D:4      | Noticed a bullfrog
   101 | D:4      | Killed a bullfrog
   102 | D:4      | Reached skill level 7 in Stealth
   102 | D:4      | Reached skill level 1 in Spellcasting
   102 | D:4      | Reached XP level 2. HP: 20/21 MP: 1/3
   102 | D:4      | Reached XP level 3. HP: 25/26 MP: 1/4
   102 | D:4      | Reached XP level 4. HP: 30/31 MP: 1/5
   135 | D:4      | Reached skill level 8 in Stealth
   135 | D:4      | Reached XP level 5. HP: 29/36 MP: 4/6
   316 | D:4      | Found a blossoming altar of Fedhas.
   359 | D:3      | Found Canup's Jewellery Shoppe.
   682 | D:2      | Found a faded altar of an unknown god.
  1293 | D:2      | Noticed Jessica
  1297 | D:2      | Killed Jessica
  1298 | D:2      | Reached XP level 6. HP: 43/43 MP: 8/8
  1731 | D:2      | Found a snail-covered altar of Cheibriados.
  2614 | D:3      | Bought a +4 ring of protection for 396 gold pieces
  3028 | D:5      | Found a transporter.
  3033 | D:5      | Found a transporter.
  3034 | D:5      | Noticed ytrimaz's ghost (novice OpSh)
  3165 | D:5      | Noticed a water moccasin
  3173 | D:5      | Killed a water moccasin
  3174 | D:5      | Reached skill level 1 in Short Blades
  3174 | D:5      | Reached skill level 9 in Stealth
  3207 | D:5      | Reached XP level 7. HP: 42/48 MP: 10/10
  3629 | D:6      | Found a hazy altar of Hepliaklqana.
  3704 | D:6      | Found a basalt altar of Yredelemnul.
  3704 | D:6      | Found a glowing silver altar of Zin.
  4194 | D:6      | Reached XP level 8. HP: 54/54 MP: 12/12
  4466 | D:7      | Reached skill level 10 in Stealth
  4491 | D:7      | Reached skill level 1 in Throwing
  4565 | D:7      | Reached skill level 5 in Fighting
  4780 | D:6      | Learned a level 3 spell: Ozocubu's Armour
  4784 | D:6      | Learned a level 3 spell: Fugue of the Fallen
  4869 | D:7      | Reached skill level 11 in Stealth
  5131 | D:8      | Reached skill level 1 in Ice Magic
  5239 | D:8      | Noticed a wyvern
  5247 | D:8      | Slain by a wyvern

Illustrated notes

Levels and vault maps discovered:
D:1:      lightli_arrival_statuegarden, layout_loops_cross,
          kennysheep_decorative_pillar, dreamdust_mushroom_princess,
          hangedman_decor_riveting
D:2:      layout_basic, basic_ecumenical_altar, basic_altar,
          lightli_corner_chamber, uniq_jessica
D:3:      layout_basic, serial_shops, nicolae_shop_waterfront,
          chequers_serial_rivers_micro_a
D:4:      layout_rooms, fedhas_ov_isle_minmay, nrook_mini_backslash
D:5:      layout_loops_ring, minmay_temple_entry_gardened_gates,
          gammafunk_ghost_hive, chequers_serial_rivers_micro_b
D:6:      layout_gridville, kennysheep_little_box,
          gammafunk_temple_overflow_wave, st_stairs_7,
          minmay_misc_feat_four_crosses, chequers_serial_rivers_micro_c,
          chequers_serial_rivers_large_a, kennysheep_generic_room_7
D:7:      layout_cave_pools, amcnicky_mini_corridor_feature, minivault_4
D:8:      corexii_shack_village, layout_loops_ring, special_room
          [special_room_orc], uniq_psyche
Temple:   nicolae_temple_no_exploring_needed

Skill      XL: |  1  2  3  4  5  6  7  8 |
---------------+-------------------------+-----
Stealth        | 7 8 9 11 | 11.3
Spellcasting   | 1 2 3 |  3.4
Fighting       | 4 5 |  5.2
Dodging        | 3 4 |  4.4
Short Blades   | 1 2 3 |  3.1
Throwing       | 1 |  1.8
Ice Magic      | 1 |  1.1
Long Blades    | |  2.4

Action                     |  1- 3 |  4- 6 |  7- 9 || total
---------------------------+-------+-------+-------++-------
  Melee: Falchion          |     7 |    55 |       ||    62
         Constrict         |     1 |    37 |    13 ||    51
         Tentacles         |     1 |    17 |    24 ||    42
         Dagger            |       |    70 |    75 ||   145
  Throw: Boomerang         |       |     1 |    11 ||    12
         Dart              |       |       |     4 ||     4
   Cast: Ozocubu's Armour  |       |       |     1 ||     1
    Use: Scroll            |     1 |       |       ||     1
         Potion            |       |       |     1 ||     1
   Stab: Distracted        |     1 |     1 |       ||     2
         Sleeping          |       |    26 |    19 ||    45
 Armour: Skin              |     1 |    42 |    24 ||    67
  Dodge: Dodged            |     7 |    50 |    26 ||    83

Table legend: (Time is in decaauts)
 A = Elapsed time spent in this place.
 B = Non-inter-level travel time spent in this place.
 C = Inter-level travel time spent in this place.
 D = Time resting spent in this place.
 E = Time spent auto-exploring this place.
 F = Levels seen in this place.
 G = Mean time per level.
                   A        B        C        D        E       F      G
               +--------+--------+--------+--------+--------+-----+--------+
         Total |   5235 |   4968 |    267 |    275 |   1897 |   9 |  581.7 |
       Dungeon |   5220 |   4953 |    267 |    275 |   1897 |   8 |  652.5 |
        Temple |     14 |     14 |      0 |      0 |      0 |   1 |   14.0 |
               +--------+--------+--------+--------+--------+-----+--------+

Top non-repeatable levels by time:
     D:2: 959 daAuts
     D:6: 851 daAuts
     D:5: 735 daAuts
     D:1: 665 daAuts
     D:7: 658 daAuts
     D:4: 620 daAuts
     D:3: 596 daAuts
     D:8: 132 daAuts
  Temple: 14 daAuts
